 Dungeon Crawl Stone Soup version 0.23.2-1-ga50397a (webtiles) character file.

Game seed: 8691048154056750243

95 spiff the Chiller (level 4, -9/33 HPs)
             Began as a Ghoul Ice Elementalist on May 6, 2019.
             Mangled by a wyvern skeleton (13 damage)
             ... on level 3 of the Dungeon.
             The game lasted 00:04:16 (1959 turns).

spiff the Chiller (Ghoul Ice Elementalist)          Turns: 1959, Time: 00:04:17

Health: -9/33      AC:  5    Str: 11    XL:     4   Next: 66%
Magic:  6/6        EV: 16    Int: 11    God:
Gold:   117        SH:  0    Dex: 14    Spells: 4/7 levels left

rFire    + . .     SeeInvis .   b - +2 dagger (venom)
rCold    + . .     Gourm    .   (no shield)
rNeg     + + +     Faith    .   e - +0 ring mail {rF+}
rPois    ∞         Spirit   .   (no helmet)
rElec    .         Reflect  .   (no cloak)
rCorr    .         Harm     .   (no gloves)
MR       .....                  (no boots)
Stlth    ++........             (no amulet)
HPRegen  0.00/turn              (no ring)
MPRegen  0.10/turn              (no ring)

@: agile, rotting
A: rotting body, claws 1, carnivore, cold resistance 1, negative energy
resistance 3, inhibited regeneration, torment resistance, unbreathing
a: no special abilities


You were on level 3 of the Dungeon.
You were not hungry.

You visited 1 branch of the dungeon, and saw 3 of its levels.

You collected 117 gold pieces.

Inventory:

Hand Weapons
 b - a +2 dagger of venom (weapon)
Armour
 a - a +0 robe
 e - a +0 ring mail of fire resistance (worn)
Scrolls
 d - 4 scrolls of remove curse {unknown}
 f - a scroll of enchant armour {unknown}
 g - 3 scrolls of identify {unknown}
 o - 2 scrolls of magic mapping {unknown}
 p - a scroll of amnesia {unknown}
 q - a scroll of immolation {unknown}
 r - a scroll of blinking {unknown}
Potions
 h - 2 potions of flight {unknown}
 i - a potion of haste {unknown}
 j - a potion of curing {unknown}
 m - a potion of heal wounds {unknown}
 n - 2 potions of brilliance {unknown}
Comestibles
 c - 4 rations


   Skills:
 + Level 2.5 Dodging
 - Level 2.1 Stealth
 + Level 2.4 Spellcasting
 - Level 0.7 Conjurations
 * Level 4.7 Ice Magic


You had 4 spell levels left.
You knew the following spells:

 Your Spells              Type           Power        Failure   Level  Hunger
a - Freeze                Ice            ##..         10%         1    ##.....
b - Throw Frost           Conj/Ice       #.....       32%         2    ###....

Your spell library contained the following spells:

 Spells                   Type           Power        Failure   Level  Hunger
 Ozocubu's Armour         Chrm/Ice       #.......     61%         3    ####...
 Throw Icicle             Conj/Ice       #.......     91%         4    #####..
 Summon Ice Beast         Ice/Summ       #.......     95%         4    #####..


Dungeon Overview and Level Annotations

Branches:
Dungeon (3/15)

Altars:
Gozag


Innate Abilities, Weirdness & Mutations

Your body is rotting away.
You thrive on raw meat.
You are immune to poison.
You have sharp fingernails.
You are carnivorous and can eat meat at any time.
Your flesh is cold resistant. (rC+)
You are immune to negative energy. (rN+++)
You do not regenerate when monsters are visible.
You are immune to unholy pain and torment.
You can survive without breathing.


Message History

The wyvern skeleton bites you!
* * * LOW HITPOINT WARNING * * *
The wyvern skeleton barely misses you.
You hit the wyvern skeleton.
The wyvern skeleton is moderately damaged.
The wyvern skeleton bites you.
* * * LOW HITPOINT WARNING * * *
You feel agile all of a sudden. The wyvern skeleton misses you.
You hit the wyvern skeleton but do no damage.
The wyvern skeleton is moderately damaged.
The wyvern skeleton misses you. The wyvern skeleton barely misses you.
You hit the wyvern skeleton.
The wyvern skeleton is moderately damaged.
The wyvern skeleton bites you.
* * * LOW HITPOINT WARNING * * *
You hit the wyvern skeleton.
The wyvern skeleton is heavily damaged.
The wyvern skeleton bites you!
You die...

..##....#.###
#...........#
.##.#####.g#..#
....######....#
.........#.#.####
................#
#.....rg....##.#
....##Z###..##.#
.. ##@###..##.#
............>.#.#
.....##.###...#.#
.... #......<#.#
... #..##...#.#
.. #..######.# .
....# ###.#


You could see a quokka, a hobgoblin and a wyvern skeleton.

Vanquished Creatures
  4 adders (D:2)
  An ooze (D:1)
  A worm (D:2)
  2 dart slugs (D:2)
  A leopard gecko (D:1)
  5 bats
  3 giant cockroaches
  6 goblins
  6 hobgoblins
  6 jackals
  4 kobolds (D:2)
  A frilled lizard (D:1)
  6 rats
46 creatures vanquished.

Notes
Turn   | Place    | Note
-------+----------+-------------------------------------------
     0 | D:1      | spiff the Ghoul Ice Elementalist began the quest for the
                  | Orb.
     0 | D:1      | Reached XP level 1. HP: 14/14 MP: 2/2
   210 | D:1      | Reached XP level 2. HP: 20/20 MP: 3/3
   575 | D:1      | Reached skill level 4 in Ice Magic
   575 | D:1      | Reached XP level 3. HP: 19/26 MP: 1/5
   864 | D:2      | Found an opulent altar of Gozag.
  1189 | D:2      | Reached XP level 4. HP: 17/33 MP: 6/6
  1345 | D:2      | Learned a level 2 spell: Throw Frost
  1959 | D:3      | Mangled by a wyvern skeleton

Skill      XL: |  1  2 |
---------------+-------+-----
Dodging        | 2 |  2.5
Spellcasting   | 2 |  2.4
Ice Magic      | 4 |  4.7
Stealth        | |  2.1
Conjurations   | |  0.7

Action                   |  1- 3 |  4- 6 || total
-------------------------+-------+-------++-------
Melee: Unarmed           |    98 |       ||    98
       Dagger            |    31 |    46 ||    77
 Cast: Freeze            |    14 |     3 ||    17
       Throw Frost       |       |     6 ||     6
  Use: Potion            |       |     1 ||     1
  Eat: Chunk             |    10 |       ||    10
Armor: Ring mail         |    58 |    18 ||    76
Dodge: Dodged            |    93 |    27 ||   120
